 Dungeon Crawl Stone Soup version 0.22.1-1-ga44c0e56f4 (webtiles) character file.

669 Gargoyl the Skirmisher (level 7, -6/60 HPs)
             Began as a Centaur Abyssal Knight on Oct 3, 2018.
             Was a Priest of Lugonu.
             Splashed by a jelly's acid (8 damage)
             ... on level 4 of the Dungeon.
             The game lasted 00:07:24 (4667 turns).

Gargoyl the Skirmisher (Centaur Abyssal Knight)     Turns: 4667, Time: 00:07:25

Health: -6/60      AC:  1    Str: 15    XL:     7   Next: 32%
Magic:  9/9        EV:  5    Int: 11    God:    Lugonu [***...]
Gold:   135        SH:  0    Dex: 10    Spells: 6/6 levels left

rFire    . . .     SeeInvis .   a - +6 hand axe
rCold    . . .     Gourm    .   (no shield)
rNeg     . . .     Faith    .   p - +0 chain mail
rPois    .         Spirit   .   h - +0 helmet
rElec    .         Reflect  .   (no cloak)
rCorr    .         Harm     .   (no gloves)
MR       .....                  (no barding)
Stlth    ..........             (no amulet)
HPRegen  0.20/turn              (no ring)
MPRegen  0.11/turn              (no ring)

@: corroded, very quick
A: large, hooves 3, deformed body, speed 2, tough skin 3
a: Depart the Abyss, Bend Space, Banish, Renounce Religion


You were on level 4 of the Dungeon.
You worshipped Lugonu.
Lugonu was most pleased with you.
You were hungry.

You visited 1 branch of the dungeon, and saw 4 of its levels.
You visited the Abyss 1 time.
You also visited: Sewer.

You collected 135 gold pieces.

Inventory:

Hand Weapons
 a - a +6 hand axe (weapon)
Missiles
 d - 7 tomahawks (quivered)
Armour
 h - a +0 helmet (worn)
 p - a +0 chain mail (worn)
Scrolls
 g - 3 scrolls of identify
 l - 3 scrolls of remove curse
 m - a scroll of teleportation
 o - 2 scrolls of fear {unknown}
Potions
 b - a potion of lignification
 e - 5 potions of curing
 f - a potion of brilliance {unknown}
 i - 3 potions of might {unknown}
 j - a potion of agility {unknown}
 k - 3 potions of flight {unknown}
 n - a potion of heal wounds {unknown}
Comestibles
 c - 3 rations


   Skills:
 + Level 4.5 Fighting
 + Level 4.1 Axes
 * Level 3.7 Armour
 + Level 1.4 Dodging
 * Level 3.8 Invocations


You had 6 spell levels left.
You didn't know any spells.
Your spell library was empty.

Dungeon Overview and Level Annotations

Branches:
Dungeon (4/15)
 Temple: D:4-7

Altars:

Shops:
D:4 [


Innate Abilities, Weirdness & Mutations

You have hooves in place of feet.
Armour fits poorly on your strangely shaped body.
You cover ground very quickly.
You have extremely tough skin. (AC +3)


Message History

You closely miss the adder. You kick the adder, but do no damage.
The adder is severely wounded.
You hit the jelly.
Your hands burn!
You hit the quokka but do no damage. The quokka bites you. The adder bites you.
The quokka bites you.
* * * LOW HITPOINT WARNING * * *
The jelly hits you.
* * * LOW HITPOINT WARNING * * *
You are splashed with acid!
The acid burns!
* * * LOW HITPOINT WARNING * * *
You are feeling hungry.
Your chain mail prevents you from hitting the adder.
Your kick misses the adder.
The adder is severely wounded.
Your chain mail prevents you from hitting the jelly.
You closely miss the quokka. The adder barely misses you. The quokka bites you.
* * * LOW HITPOINT WARNING * * *
The jelly hits you.
* * * LOW HITPOINT WARNING * * *
The acid corrodes you!
You are splashed with acid!
The acid burns!
You die...

#. .# ##.######### #.#
...........####### #.#
.....$.....#.....# #.#
...........#.....# #.#
.................###.#
......J..........'...#
......r@S........##..#
#.####+#..#.#######..###
#....#.............
#.##.#.####.....(.. #.
#.#.# #........ # #.#.#
#........ .....
..........
#.#.########.### #.#


You could see a jelly, an adder and a quokka.

Vanquished Creatures
  Sigmund (D:2)
  2 big kobolds (Sewer)
  An orc wizard (D:4)
  A worker ant (D:4)
  6 gnolls
  11 adders
  2 river rats (Sewer)
  An ooze (Sewer)
  6 worms
  2 dart slugs (D:3)
  9 leopard geckos
  10 orcs
  9 bats
  4 giant cockroaches
  5 goblins
  8 hobgoblins
  7 jackals
  7 kobolds
  2 quokkas (D:2)
  7 ball pythons
  2 frilled lizards
  10 rats
113 creatures vanquished.

Notes
Turn   | Place    | Note
-------+----------+-------------------------------------------
     0 | Abyss:1  | Gargoyl the Centaur Abyssal Knight began the quest for the
                  | Orb.
     0 | Abyss:1  | Reached XP level 1. HP: 19/19 MP: 2/2
     7 | Abyss:1  | Found a corrupted altar of Lugonu.
    57 | Abyss:3  | Noticed a chaos spawn
    60 | Abyss:3  | Noticed a hell hound
    60 | Abyss:3  | Noticed a hell hound
    60 | Abyss:3  | Noticed a hell hound
    61 | D:1      | Escaped the Abyss
    67 | D:1      | Noticed an electric eel
    67 | D:1      | Noticed an electric eel
   180 | D:1      | Reached * piety under Lugonu
   575 | D:1      | Reached XP level 2. HP: 26/26 MP: 3/3
  1110 | D:2      | Noticed Sigmund
  1116 | D:1      | Reached XP level 3. HP: 21/31 MP: 4/4
  1546 | D:2      | Killed Sigmund
  1546 | D:2      | Reached skill level 1 in Dodging
  1546 | D:2      | Reached XP level 4. HP: 22/40 MP: 4/6
  1546 | D:2      | Reached XP level 5. HP: 25/46 MP: 4/7
  2628 | D:3      | Reached ** piety under Lugonu
  2645 | D:3      | Reached XP level 6. HP: 39/52 MP: 8/8
  3880 | D:4      | Reached *** piety under Lugonu
  3903 | D:4      | Found Nihehoh's Antique Armour Shop.
  3991 | D:4      | Found a glowing drain.
  4002 | Sewer    | Entered a sewer
  4219 | Sewer    | Reached XP level 7. HP: 55/60 MP: 9/9
  4667 | D:4      | HP: 3/60 [quokka (3)]
  4667 | D:4      | Splashed by a jelly's acid

Skill      XL: |  1  2  3  4  5  6  7 |
---------------+----------------------+-----
Axes           | 2 3 4 |  4.1
Armour         | 2 3 |  3.7
Fighting       | 4 |  4.5
Dodging        | 1 |  1.4
Invocations    | 3 |  3.8

Action                   |  1- 3 |  4- 6 |  7- 9 || total
-------------------------+-------+-------+-------++-------
Melee: Hand axe          |    70 |   240 |    34 ||   344
       Kick              |     7 |    36 |     7 ||    50
Throw: Tomahawk          |       |     2 |       ||     2
Invok: Depart the Abyss  |     1 |       |       ||     1
  Use: Scroll            |     2 |    10 |       ||    12
       Potion            |     1 |     1 |       ||     2
  Eat: Chunk             |     1 |     7 |     2 ||    10
Armor: Leather armour    |    26 |    21 |       ||    47
       Chain mail        |       |   114 |    22 ||   136
Dodge: Dodged            |    49 |    72 |     8 ||   129
